 Dungeon Crawl Stone Soup version 0.19.4-9-g45fd643 (webtiles) character file.

943 Maelstr0m the Shield-Bearer (level 8, -3/64 HPs)
             Began as a Formicid Fighter on Feb 22, 2017.
             Slain by an orc warrior
             ... wielding a +1 war axe of chopping
              (6 damage)
             ... on level 6 of the Dungeon.
             The game lasted 00:19:55 (4205 turns).

Maelstr0m the Shield-Bearer (Formicid Fighter)      Turns: 4205, Time: 00:19:56

Health: -3/64      AC: 15    Str: 22    XL:     8   Next: 34%
Magic:  8/8        EV:  7    Int:  8    God:
Gold:   294        SH: 10    Dex: 11    Spells: 0 memorised, 7 levels left

rFire  . . .     SeeInvis +     a - +0 war axe
rCold  . . .     Gourm    .     q - +0 chain mail
rNeg   . . .     Faith    .     c - +0 shield
rPois  .         Spirit   .     (helmet unavailable)
rElec  .         Reflect  .     (no cloak)
rCorr  .         Harm     .     n - +1 pair of gloves
MR     .....                    l - +0 pair of boots
Stlth  ..........               (no amulet)
                                (no ring)
                                (no ring)

@: no status effects
A: permanent stasis, dig shafts and tunnels, four strong arms, antennae 3,
molten scales 1, deterioration 1, sense surroundings 1, screaming 1
a: Dig, Shaft Self


You were on level 6 of the Dungeon.
You were not hungry.

You visited 1 branch of the dungeon, and saw 6 of its levels.

You collected 507 gold pieces.
You spent 213 gold pieces at shops.

Inventory:

Hand Weapons
 a - a +0 war axe (weapon)
Missiles
 j - 93 stones (quivered)
 p - a throwing net
Armour
 b - a +0 scale mail
 c - a +0 shield (worn)
 l - a +0 pair of boots (worn)
 n - a +1 pair of gloves (worn)
 q - a +0 chain mail (worn)
 y - a +0 plate armour
Scrolls
 g - 2 scrolls of magic mapping {unknown}
 i - 3 scrolls of remove curse
 k - 5 scrolls of identify
 o - 2 scrolls of teleportation {unknown}
 s - a scroll of fog {unknown}
 t - 2 scrolls of random uselessness {unknown}
 u - 2 scrolls of enchant armour {unknown}
 v - a scroll of enchant weapon {unknown}
 A - 4 scrolls of recharging
 B - 2 scrolls of fear {unknown}
 C - 2 scrolls of amnesia {unknown}
 E - a scroll of noise {unknown}
Potions
 d - a potion of might
 e - a potion of flight
 m - a potion of beneficial mutation {unknown}
 r - a potion of resistance
 w - a potion of agility
 z - a potion of curing
Comestibles
 f - 3 bread rations
 h - 4 meat rations
 D - a slice of pizza


   Skills:
 + Level 5.7 Fighting
 * Level 5.9 Axes
 + Level 5.2 Armour
 + Level 6.1 Shields


You had 7 spell levels left.
You didn't know any spells.

Dungeon Overview and Level Annotations

Branches:
Dungeon (6/15)
 Temple: D:4-7

Altars:
Kikubaaqudgha
Nemelex Xobeh

Shops:
D:5 *


Innate Abilities, Weirdness & Mutations

You are under a permanent stasis effect.
You can dig through walls and to a lower floor.
Your four strong arms can wield two-handed weapons with a shield.
You have a pair of large antennae on your head. (SInv)
You are partially covered in molten scales. (AC +2)
Your body sometimes deteriorates upon taking damage.
You passively map a small area around you.
You occasionally shout uncontrollably at your foes.


Message History

You hit the adder.
The adder is heavily wounded.
The adder bites you but does no damage. The adder barely misses you.
You slash the adder!
You kill the adder!
You slash the orc warrior!
The orc warrior is heavily wounded.
You block the orc warrior's attack.
You hit the orc warrior.
The orc warrior is severely wounded.
The orc warrior hits you with a war axe of chopping.
* * * LOW HITPOINT WARNING * * *
You hit the orc warrior.
The orc warrior is almost dead.
The orc warrior hits you but does no damage.
You hit the orc warrior.
The orc warrior is almost dead.
The orc warrior hits you with a war axe of chopping!
* * * LOW HITPOINT WARNING * * *
You die...

* * #..# ## * # , ,#####.?##.
#.* .# ....... # #. *
.#*,##...###.#.# , ..
.....#..).......# *
.###........o.....### ## ...
.######o###### ##.## .#* #.#
#o# ... .# #)# #@# ...* .# #)#
##'## ... .#####)# ##...## #.#
.#...#.# ##.....## ####.#
.......## ##.......## ##.##.#
........####.........####...#[#
...........+.......†.'........#
........####.........####...#.#
#......## ##.......## ##.##.#


You could see an orc warrior, an orc wizard and an orc.

Vanquished Creatures
  A sky beast (D:5)
  A phantom (D:4)
  2 scorpions
  2 howler monkeys (D:5)
  A centaur zombie (D:6)
  A crimson imp (D:5)
  A hound (D:4)
  A bullfrog skeleton (D:5)
  4 orc wizards
  A worker ant (D:4)
  Ijyb (D:3)
  Natasha (twice) (D:2)
  A killer bee zombie (D:5)
  8 adders
  A shadow imp (D:5)
  2 oozes
  An adder zombie (D:6)
  2 worms
  6 leopard geckos
  26 orcs
  A bat zombie (D:2)
  5 giant cockroaches
  6 goblins
  7 hobgoblins
  3 ball pythons (D:2)
  6 bats
  3 frilled lizards
  12 kobolds
  A leopard gecko skeleton (D:5)
  10 rats
  6 rat zombies (D:2)
  6 fungi (D:5)
131 creatures vanquished.

Vanquished Creatures (others)
  A fungus (D:5)
1 creature vanquished.

Grand Total: 132 creatures vanquished

Notes
Turn   | Place    | Note
-------+----------+-------------------------------------------
     0 | D:1      | Maelstr0m the Formicid Fighter began the quest for the Orb.
     0 | D:1      | Reached XP level 1. HP: 18/18 MP: 1/1
    14 | D:1      | Reached XP level 2. HP: 18/24 MP: 2/2
   310 | D:1      | Reached XP level 3. HP: 30/30 MP: 3/3
   475 | D:1      | Reached skill level 4 in Shields
   796 | D:2      | Reached XP level 4. HP: 35/37 MP: 4/4
   951 | D:2      | Found an ancient bone altar of Kikubaaqudgha.
  1151 | D:2      | Noticed Natasha
  1161 | D:2      | Killed Natasha
  1162 | D:2      | Reached XP level 5. HP: 32/42 MP: 5/5
  1289 | D:2      | Noticed Natasha
  1297 | D:2      | Killed Natasha
  1650 | D:3      | Reached XP level 6. HP: 28/48 MP: 6/6
  2229 | D:3      | Noticed Ijyb
  2234 | D:3      | Killed Ijyb
  2234 | D:3      | Reached skill level 5 in Shields
  2828 | D:4      | Found a sparkling altar of Nemelex Xobeh.
  2828 | D:4      | Noticed a phantom
  2850 | D:4      | Reached XP level 7. HP: 35/55 MP: 7/7
  2956 | D:4      | Gained mutation: Your muscles are strong. (Str +2) [potion of mutation]
  2956 | D:4      | Lost mutation: Your muscles are strong. (Str +2) [potion of mutation]
  2956 | D:4      | Gained mutation: You passively map a small area around you. [potion of mutation]
  2957 | D:4      | Gained mutation: You are partially covered in molten scales. (AC +2) [potion of mutation]
  2957 | D:4      | Gained mutation: Your body sometimes deteriorates upon taking damage. [potion of mutation]
  2957 | D:4      | Gained mutation: You occasionally shout uncontrollably at your foes. [potion of mutation]
  3011 | D:5      | Entered Level 5 of the Dungeon
  3068 | D:5      | Reached skill level 5 in Fighting
  3068 | D:5      | Reached skill level 5 in Axes
  3411 | D:5      | Reached XP level 8. HP: 62/62 MP: 8/8
  3498 | D:5      | Found Odocwaud's Assorted Antiques.
  3506 | D:5      | Bought a scroll labeled UTTEVU LAOL for 23 gold pieces
  3506 | D:5      | Bought a scroll labeled ROBAM YPNIBRON for 23 gold pieces
  3506 | D:5      | Bought a pair of boots for 103 gold pieces
  3506 | D:5      | Bought a scroll labeled HYG PAUCLANE for 23 gold pieces
  3506 | D:5      | Bought 2 emerald potions for 41 gold pieces
  3809 | D:5      | Reached skill level 5 in Armour
  3872 | D:5      | Reached skill level 6 in Shields
  4205 | D:6      | HP: 3/64 [orc warrior/war axe of chopping (17)]
  4205 | D:6      | Slain by an orc warrior

Skill      XL: |  1  2  3  4  5  6  7  8 |
---------------+-------------------------+-----
Shields        | 4 5 6 |  6.1
Axes           | 3 4 5 |  5.9
Fighting       | 4 5 |  5.7
Armour         | 4 5 |  5.2

Action                   |  1- 3 |  4- 6 |  7- 9 || total
-------------------------+-------+-------+-------++-------
Melee: War axe           |    76 |   194 |   187 ||   457
Throw: Stone             |       |       |     2 ||     2
  Use: Potion            |       |       |    10 ||    10
       Scroll            |       |       |     2 ||     2
  Eat: Chunk             |       |     7 |     5 ||    12
Armor: Scale mail        |    41 |    65 |       ||   106
       Chain mail        |       |    20 |    67 ||    87
Dodge: Dodged            |    35 |    58 |    37 ||   130
Block: Shield            |    43 |    85 |   109 ||   237
